 Dungeon Sprint DCSS version bcrawl-1.21.3-2-g9d8a61a446 (webtiles) character file.

Game seed: 16689023067213397099

14 funkygono the Conjurer (level 2, -6/19 HPs)
             Began as a Fairy Conjurer on Apr 12, 2020.
             Was an Initiate of Vehumet.
             Mangled by a hell hound (9 damage)
             ... in the Dungeon (Sprint V: "Ziggurat Sprint").
             The game lasted 00:05:28 (181 turns).

funkygono the Conjurer (Fairy Conjurer)              Turns: 181, Time: 00:05:29

Health: -6/19      AC:  3    Str: 18    XL:     2   Next: 45%
Magic:  10/10      EV: 18    Int: 54    God:    Vehumet [......]
Gold:   0          SH:  3    Dex: 12    Spells: 10/11 levels left

rFire    . . .     SeeInvis .   w - +6 Majin-Bo {vamp, *Drain Str+12 Int+24}
rCold    . . .     Gourm    .   (shield currently unavailable)
rNeg     . . .     Faith    .   (armour unavailable)
rPois    .         Spirit   .   (no helmet)
rElec    .         Reflect  .   (no cloak)
rCorr    .         Harm     .   (no gloves)
MR       .....     NoTele   +   (no boots)
Stlth    +.........             (no amulet)
HPRegen  0.06/turn              A - +6 ring of intelligence
MPRegen  0.12/turn              B - +6 ring of intelligence

@: flying evasively
A: small, magic attunement, unstealthy, unfitting armour, able to fly, AC/SH +3
a: Stop Flying, Renounce Religion


You were in the Dungeon.
You worshipped Vehumet.
Vehumet was noncommittal.
You were not hungry.

You visited 1 branch

Inventory:

Hand Weapons
 w - the +6 Majin-Bo (weapon) {vamp, *Drain Str+12 Int+24}
   (You found it in the Dungeon)

   It inflicts no extra harm, but heals its wielder when it wounds a living foe.
   It affects your strength (+12).
   It affects your intelligence (+24).
   It causes draining when unequipped.
Jewellery
 A - a +6 ring of intelligence (left hand)
 B - a +6 ring of intelligence (right hand)
Scrolls
 h - 4 scrolls of blinking
 n - 4 scrolls of amnesia
 o - 7 scrolls of fog
 p - 5 scrolls of identify
 q - 5 scrolls of remove curse
 r - 2 scrolls of fear
Potions
 a - 2 potions of brilliance
 b - 8 potions of magic
 c - 10 potions of heal wounds
 d - 10 potions of curing
 f - 6 potions of haste
 g - 3 potions of berserk rage
 i - 2 potions of invisibility
 j - 4 potions of resistance
 l - 5 potions of agility
 m - 5 potions of might
Comestibles
 e - 6 rations {!d}


   Skills:
 + Level 2.1 Fighting
 + Level 2.0 Staves
 + Level 4.3 Dodging
 + Level 1.6 Stealth
   Level 2.7 Shields
 + Level 5.2 Spellcasting
 + Level 6.9 Conjurations


You had 10 spell levels left.
You knew the following spells:

 Your Spells              Type           Power        Failure   Level  Hunger
a - Magic Dart            Conj           ####         1%          1    None

Your spell library contained the following spells:

 Spells                   Type           Power        Failure   Level  Hunger
 Searing Ray              Conj           ######..     1%          2    None
 Iskenderun's Mystic Bla  Conj           ######..     1%          3    None
 Fulminant Prism          Conj/Hex       ######....   2%          4    None
 Irradiate                Conj/Tmut      ######....   8%          5    None


Dungeon Overview and Level Annotations

Branches:
Dungeon (1/1)

Altars:
Ashenzari
Cheibriados
Dithmenos
Elyvilon
Fedhas
Gozag
Hepliaklqana
Kikubaaqudgha
Lugonu
Makhleb
Nemelex Xobeh
Okawaru
Qazlal
Ru
Sif Muna
Trog
Uskayaw
Vehumet
Wu Jian
Xom
Yredelemnul
Zin
The Shining One
Beogh
Jiyva

Annotations:
D 1 transporter


Innate Abilities, Weirdness & Mutations

Your spells do not cause hunger and MP costs are reduced by 1.
Your bright wings attract enemies. (Stealth-)
You cannot fit into any form of body armour.
Your shimmering scales are hard and can block incoming attacks. (AC +3, SH +3)
You are small and have problems with some larger weapons.
You can fly continuously.


Message History

The magic dart hits the hell hound but does no damage.
The hell hound is almost dead.
You block the hell hound's attack. The hell hound barely misses you.
Casting: Magic Dart (safe; 1% risk of failure)
Confirm with . or Enter, or press ? or * to list all spells.
Aiming: Magic Dart (safe; 1% risk of failure)
Press: ? - help, Shift-Dir - straight line, f/p - hell hound
Aim: a hell hound (almost dead, catching its breath)
The magic dart hits the hell hound.
The hell hound is almost dead.
The hell hound closely misses you.
Casting: Magic Dart (safe; 1% risk of failure)
Confirm with . or Enter, or press ? or * to list all spells.
Aiming: Magic Dart (safe; 1% risk of failure)
Press: ? - help, Shift-Dir - straight line, f/p - hell hound
Aim: a hell hound (almost dead)
The magic dart hits the hell hound but does no damage.
The hell hound is almost dead.
The hell hound bites you!
You die...

▓▓▓▓▓▓▓
▓.8©8.▓
▓.....▓
▓.).:.▓
▓.....▓
▓..h..▓
▓..@..▓
▓▓▓▓▓▓▓


You could see a hell hound.

Vanquished Creatures
  A shadow imp (D)
1 creature vanquished.

Notes
Turn   | Place    | Note
-------+----------+-------------------------------------------
     0 | D        | funkygono the Fairy Conjurer began the quest for the Orb.
     0 | D        | Reached XP level 1. HP: 11/11 MP: 6/6
     0 | D        | Found a shimmering blue altar of Sif Muna.
     0 | D        | Found a sacrificial altar of Ru.
     0 | D        | Found a bloodstained altar of Trog.
     0 | D        | Found a stormy altar of Qazlal.
     0 | D        | Found an iron altar of Okawaru.
     0 | D        | Found a sparkling altar of Nemelex Xobeh.
     0 | D        | Found a blossoming altar of Fedhas.
     1 | D        | Found the +6 Majin-Bo {vamp, *Drain Str+12 Int+24}
     1 | D        | Found the +7 great mace "Firestarter" {inner flame, rF++}
     2 | D        | Found a transporter.
     2 | D        | Found an ancient bone altar of Kikubaaqudgha.
     2 | D        | Found a viscous altar of Jiyva.
     2 | D        | Found a corrupted altar of Lugonu.
     2 | D        | Found a hazy altar of Hepliaklqana.
     2 | D        | Found a burning altar of Makhleb.
     2 | D        | Found an opulent altar of Gozag.
    18 | D        | Found the +9 heavy crossbow "Sniper" {velocity, Acc+∞ SInv}
    18 | D        | Found the +10 dark maul {crush}
    18 | D        | Found the +15 Maxwell's patent armour {-Cast -Tele rElec
                  | MR+ rCorr}
    18 | D        | Found the +18 shield of the Gong {rElec rN+ MR+ EV-5}
    18 | D        | Found the cursed +14 obsidian axe {chop, +Fly SInv *Curse}
    22 | D        | Found the +6 shillelagh "Devastator" {shatter}
    22 | D        | Found the +11 plutonium sword {*Contam Stlth-}
    22 | D        | Found the +8 lance "Wyrmbane" {slay drac, rPois rF+ rC+
                  | AC+3}
    22 | D        | Found the +9 sword of Zonguldrok {reap}
    22 | D        | Found the cursed +13 scythe of Curses {drain, *Curse}
    22 | D        | Found the +0 sword of Power
    22 | D        | Found the +7 mace of Variability {chain chaos}
    22 | D        | Found the +7 Singing Sword {slice}
    22 | D        | Found the +7 longbow "Piercer" {penet, EV-2}
    77 | D        | Reached skill level 5 in Spellcasting
    77 | D        | Reached skill level 6 in Conjurations
    77 | D        | Reached XP level 2. HP: 19/19 MP: 7/10
   150 | D        | Became a worshipper of Vehumet
   168 | D        | Entered arena 2.
   168 | D        | Noticed a hell hound
   168 | D        | Found a transporter.
   181 | D        | Mangled by a hell hound

Skill      XL: |  1 |
---------------+----+-----
Fighting       | 2 |  2.1
Staves         | 2 |  2.0
Dodging        | 4 |  4.3
Shields        | 2 |  2.7
Spellcasting   | 5 |  5.2
Conjurations   | 6 |  6.9
Stealth        | |  1.6

Action                   || total
-------------------------++-------
 Cast: Magic Dart        ||    13
  Use: Potion            ||     1
  Eat: Ration            ||     1
Armor: Skin              ||     1
Dodge: Dodged            ||    12
Block: Other             ||     1
